 Dungeon Crawl Stone Soup version 0.29-a0-307-gecccbbdb84 (webtiles) character file.

Game seed: 14748869358942472488

56 wakim the Skirmisher (level 3, 0/31 HPs)
             Began as a Palentonga Fighter on Mar 27, 2022.
             Slain by Sigmund
             ... wielding a +0 scythe
              (15 damage)
             ... on level 2 of the Dungeon.
             The game lasted 00:05:04 (1292 turns).

wakim the Skirmisher (Palentonga Fighter)           Turns: 1292, Time: 00:05:04

Health: 0/31       AC:  7    Str: 21    XL:     3   Next: 71%
Magic:  3/3        EV:  7    Int: 14    God:
Gold:   85         SH:  4    Dex:  9    Spells: 2/2 levels left

rFire   . . .      SeeInvis +   b - +11 morningstar of Misery {chaos, rC+ Int+6}
rCold   + . .      Faith    .   c - +0 buckler
rNeg    . . .      Spirit   .   W - +0 scale mail
rPois   .          Reflect  .   (no helmet)
rElec   .          Harm     .   (no cloak)
rCorr   .          Rampage  .   V - +0 pair of gloves
Will    .....                   (no barding)
Stlth   ..........              (no amulet)
HPRegen 0.10/turn               (no ring)
MPRegen 0.08/turn               (no ring)

@: no status effects
A: large, rugged brown scales 3, see invisible, deformed body, roll 1, armoured
tail
a: Rolling Charge


You were on level 2 of the Dungeon.
You visited 1 branch of the dungeon, and saw 2 of its levels.

You collected 85 gold pieces.

Inventory:

Hand Weapons
 a - a +1 shortbow of flaming
 b - the +11 morningstar of Misery (weapon) {chaos, rC+ Int+6}
   (You acquired it on level 2 of the Dungeon)

   Each time it hits an enemy it has a different, random effect.
   Int:       It affects your intelligence (+6).
   rC:        It protects you from cold.
 Z - a +0 flail
Missiles
 Y - 5 poisoned darts
Armour
 c - a +0 buckler (worn)
 V - a +0 pair of gloves (worn)
 W - a +0 scale mail (worn)
Scrolls
 O - a scroll of amnesia
Potions
 C - 2 potions of berserk rage {!q}
 N - a potion of might
 P - a potion of lignification {unknown}
 U - a potion of heal wounds {unknown}
 X - a potion of curing {unknown}


   Skills:
 + Level 3.6 Fighting
 * Level 3.5 Maces & Flails
 - Level 2.4 Armour
 * Level 2.4 Shields


You had 2 spell levels left.
You didn't know any spells.
Your spell library was empty.

Dungeon Overview and Level Annotations

Branches:
Dungeon (2/15)

Altars:

Annotations:
D:2 Sigmund


Innate Abilities, Weirdness & Mutations

You are completely covered in rugged brown scales. (AC +3, +7% HP)
You have supernaturally acute eyesight. (SInv)
Armour fits poorly on your strangely shaped body.
You can roll at nearby foes to attack.
You have a long armoured tail.


Message History

A kobold comes into view. It is wielding a +0 whip.
The kobold hits you but does no damage.
Roll where?
Press: ? - help, Dir - move target, f/p - Sigmund
Aim: Sigmund, wielding a +0 scythe and wearing a +0 robe (severely wounded, berserk)
You roll forward with a clatter of scales!
You barely miss Sigmund.
Your tail-slap misses Sigmund.
Sigmund is severely wounded.
Sigmund hits you with a +0 scythe! 20/31 (-9)
You closely miss Sigmund.
Sigmund is severely wounded.
Sigmund hits you but does no damage. The kobold barely misses you.
Sigmund hits you with a +0 scythe. 19/31 (-1)
You closely miss Sigmund.
Sigmund is severely wounded.
The kobold hits you but does no damage. Sigmund barely misses you.
The kobold hits you but does no damage.
Unknown command.
You sock Sigmund!
You feel better.
Sigmund is almost dead.
Sigmund hits you with a +0 scythe! The kobold hits you with a +0 dagger.
* * * LOW HITPOINT WARNING * * *
14/31 (-5)
You barely miss Sigmund.
Sigmund is almost dead.
Sigmund barely misses you. The kobold hits you but does no damage.
Sigmund hits you but does no damage. 15/31 (+1)
You barely miss Sigmund.
Sigmund is almost dead.
Sigmund hits you but does no damage. The kobold misses you.
The kobold hits you but does no damage.
Unknown command.
You barely miss Sigmund.
Sigmund is almost dead.
Sigmund barely misses you. The kobold hits you but does no damage.
Sigmund hits you with a +0 scythe!
You die...

#### ...#
#.######### ##.#
#...KK@@..# #.####
#########.# ##....#
#.......# ......#
#.#######
####..#######.....#
......##.....####.#
####.###.###.#
...#..(..#...#
##.#########.#


You could see Sigmund (berserk) and 2 kobolds.

Vanquished Creatures
  Terence (D:2)
  A dart slug (D:2)
  2 ball pythons (D:1)
  3 bats
  3 endoplasms (D:2)
  A giant cockroach (D:2)
  5 goblins
  2 hobgoblins (D:1)
  4 quokkas
  A frilled lizard (D:2)
  4 kobolds
  A rat (D:2)
28 creatures vanquished.

Notes
Turn   | Place    | Note
-------+----------+-------------------------------------------
     0 | D:1      | wakim the Palentonga Fighter began the quest for the Orb.
     0 | D:1      | Reached XP level 1. HP: 19/19 MP: 1/1
   334 | D:1      | Reached XP level 2. HP: 25/25 MP: 2/2
   380 | D:1      | Found a faded altar of an unknown god.
   553 | D:2      | Identified a scroll of acquirement
   553 | D:2      | Acquired the +11 morningstar of Misery {chaos, rC+ Int+6}
   570 | D:2      | Noticed Terence
   581 | D:2      | Killed Terence
   582 | D:2      | Reached XP level 3. HP: 3/31 MP: 3/3
  1029 | D:2      | !bestwep
  1280 | D:2      | Noticed Sigmund
  1292 | D:2      | Slain by Sigmund

Illustrated notes

..# #.# #.#
######.##########.
........#.........
........#.#########
........#.#....(@.#
......)......#..#.#
..........#..#.$#.#
.)........#..####.#
........†.#.....#.#
######+#..#.###.#.#
# #....# #...#
#.#†##########
#..........


Turn 1029 on D:2: !bestwep

Levels and vault maps discovered:
D:1:      roderic_octagonal_star, layout_rooms, nicolae_ecumenical_lake_church
D:2:      layout_basic, uniq_sigmund, uniq_terence

Skill      XL: |  1  2 |
---------------+-------+-----
Maces & Flails | 3 |  3.5
Fighting       | |  3.6
Armour         | |  2.4
Shields        | |  2.4

Action                   || total
-------------------------++-------
Melee: Flail             ||    25
       Tailslap          ||     3
       Morningstar       ||    31
 Abil: Rolling Charge    ||    27
  Use: Scroll            ||     8
Armor: Scale mail        ||    22
Dodge: Dodged            ||    16
Block: Buckler           ||     4

Table legend: (Time is in decaauts)
 A = Elapsed time spent in this place.
 B = Non-inter-level travel time spent in this place.
 C = Inter-level travel time spent in this place.
 D = Time resting spent in this place.
 E = Time spent auto-exploring this place.
 F = Levels seen in this place.
 G = Mean time per level.
                   A        B        C        D        E       F      G
               +--------+--------+--------+--------+--------+-----+--------+
         Total |   1311 |   1286 |     25 |    271 |    800 |   2 |  655.5 |
       Dungeon |   1311 |   1286 |     25 |    271 |    800 |   2 |  655.5 |
               +--------+--------+--------+--------+--------+-----+--------+

Top non-repeatable levels by time:
     D:2: 754 daAuts
     D:1: 557 daAuts
